 Dungeon Crawl Stone Soup version 0.29.0-13-gc9e81de378 (webtiles) character file.

Game seed: 2835806081386801757

72321 groovy9 the Severer (level 15, -5/141 HPs)
             Began as a Minotaur Berserker on Sept 9, 2022.
             Was an Elder of Trog.
             Drowned by a drowned soul (17 damage)
             ... summoned by a merfolk avatar
             ... on level 2 of the Shoals.
             The game lasted 01:31:20 (23503 turns).

groovy9 the Severer (Minotaur Berserker)           Turns: 23503, Time: 01:31:20

Health: -5/141     AC: 33    Str: 32    XL:     15   Next: 0%
Magic:  14/14      EV: 18    Int:  8    God:    Trog [****..]
Gold:   280        SH:  5    Dex: 20    Spells: 14/14 levels left

rFire   + . .      SeeInvis .   a - +5 war axe (protect)
rCold   . . .      Faith    .   (no shield)
rNeg    . . .      Spirit   .   V - +6 chain mail of Ehyabb {Drain rCorr Int+4}
rPois   .          Reflect  +   (helmet restricted)
rElec   +          Harm     .   Y - +2 cloak {Will+}
rCorr   +          Rampage  .   D - +0 pair of gloves
Will    ++...                   t - +0 pair of boots
Stlth   ..........              w - amulet of reflection
HPRegen 0.33/turn               E - +6 ring of dexterity
MPRegen 0.14/turn               M - ring of Vuano {rElec rF+ Str+3 Dex+4}

@: under a protective aura, mesmerised, very slow
A: horns 2, retaliatory headbutt
a: Renounce Religion, Berserk, Trog's Hand, Brothers in Arms


You were on level 2 of the Shoals.
You worshipped Trog.
Trog was greatly pleased with you.
You visited 4 branches of the dungeon, and saw 16 of its levels.
You also visited: Ossuary.

You collected 928 gold pieces.
You spent 648 gold pieces at shops.

Inventory:

Hand Weapons
 a - a +5 war axe of protection (weapon)
 b - the +9 trident "Rujiat" {drain, rPois Str+3 Dex+2}
   (You found it on level 3 of the Lair of Beasts)

   A truly terrible weapon, it drains the life of any living foe it strikes.
   Str:       It affects your strength (+3).
   Dex:       It affects your dexterity (+2).
   rPois:     It protects you from poison.
 c - a +5 flail of holy wrath
Missiles
 g - a throwing net
 j - 7 boomerangs
 A - 11 javelins (quivered)
 Q - 5 silver javelins
Armour
 t - a +0 pair of boots (worn)
 D - a +0 pair of gloves (worn)
 V - the +6 chain mail of Ehyabb (worn) {Drain rCorr Int+4}
   (You bought it in a shop on level 8 of the Dungeon)

   Int:       It affects your intelligence (+4).
   rCorr:     It protects you from acid and corrosion.
   Drain:     It drains your maximum health when unequipped.
 Y - a +2 cloak of willpower (worn)
Jewellery
 k - a ring of magical power
 w - an amulet of reflection (around neck)
 E - a +6 ring of dexterity (left hand)
 L - an amulet of the acrobat
 M - the ring of Vuano (right hand) {rElec rF+ Str+3 Dex+4}
   (You found it on level 1 of the Shoals)

   [ring of protection from fire]

   Str:       It affects your strength (+3).
   Dex:       It affects your dexterity (+4).
   rF:        It protects you from fire.
   rElec:     It insulates you from electricity.
 S - an amulet of magic regeneration
Wands
 h - a wand of digging (9)
 n - a wand of iceblast (21)
 u - a wand of mindburst (18)
 x - a wand of acid (12)
 z - a wand of charming (22)
 H - a wand of flame (8)
Scrolls
 f - a scroll of fear
 i - 2 scrolls of poison
 m - 2 scrolls of silence
 o - 2 scrolls of immolation
 q - 4 scrolls of blinking
 v - 3 scrolls of vulnerability
 y - 5 scrolls of identify
 C - 2 scrolls of torment
 F - a scroll of butterflies
 I - a scroll of magic mapping
 K - 6 scrolls of teleportation
 T - a scroll of summoning
 Z - a scroll of enchant weapon
Potions
 d - a potion of ambrosia
 e - 2 potions of cancellation
 l - a potion of mutation
 p - 4 potions of invisibility
 r - a potion of haste
 s - 6 potions of brilliance
 B - a potion of flight
 J - a potion of heal wounds
 N - 3 potions of degeneration
 P - a potion of magic
 R - a potion of lignification
 X - a potion of might
Miscellaneous
 G - a box of beasts
 W - a tin of tremorstones (2/2)


   Skills:
 + Level 15.3 Fighting
 - Level 17.1(18.0) Axes
 - Level 9.6(14.4) Polearms
 + Level 15.1 Armour
 + Level 13.9 Dodging


You had 14 spell levels left.
You didn't know any spells.
Your spell library was empty.

Dungeon Overview and Level Annotations

Branches:
Dungeon (8/15)             Temple (0/1) D:6            Lair (5/5) D:8
 Shoals (2/4) Lair:3       Spider (1/4) Lair:3        Slime (0/5) Lair:4
Ossuary (visited)

Altars:
Gozag
Hepliaklqana
Kikubaaqudgha
Nemelex Xobeh
Qazlal
Vehumet
Yredelemnul
Zin
The Shining One
Jiyva

Shops:
D:8 *   Shoals:2 =

Portals:
Abyss: D:8

Annotations:
D:4 2 transporters


Innate Abilities, Weirdness & Mutations

You have a pair of horns on your head.
You reflexively headbutt those who attack you in melee.


Message History

The merfolk avatar chants its luring song.
The merfolk avatar chants its luring song.
The drowned soul touches you. The drowned soul drowns you!
The drowned soul touches you. The drowned soul drowns you!
The merfolk avatar chants its luring song.
You slice the merfolk avatar!!
Your weapon exudes an aura of protection.
The merfolk avatar is moderately wounded.
You hit the merfolk avatar. You headbutt the merfolk avatar!
The merfolk avatar is heavily wounded.
The merfolk avatar chants its luring song.
Your unstable footing causes you to fumble your attack.
The drowned soul touches you. The drowned soul drowns you!
The merfolk avatar chants its luring song.
Your unstable footing causes you to fumble your attack.
Okay, then.
You closely miss the merfolk avatar. You headbutt the merfolk avatar!
The merfolk avatar is heavily wounded.
The merfolk avatar chants its luring song.
You slash the merfolk avatar!
The merfolk avatar is severely wounded.
You hit the drowned soul.
The merfolk avatar chants its luring song.
The drowned soul touches you. The drowned soul drowns you!
* * * LOW HITPOINT WARNING * * *
You miss the merfolk avatar.
The merfolk avatar is severely wounded.
You hit the merfolk avatar.
Your headbutt misses the merfolk avatar.
The merfolk avatar is severely wounded.
The merfolk avatar chants its luring song.
You slice the merfolk avatar!!
The merfolk avatar is almost dead.
You miss the drowned soul. You hit the drowned soul.
The drowned soul touches you. The drowned soul drowns you!
* * * LOW HITPOINT WARNING * * *
The drowned soul touches you.
* * * LOW HITPOINT WARNING * * *
The drowned soul drowns you!
You die...

≈≈≈≈≈~~~~~~~~~~≈≈≈≈≈≈≈≈≈≈≈≈≈≈≈≈≈
≈≈≈~~~~~~~~~~~~~~≈≈≈≈≈≈≈≈≈≈≈≈≈≈≈
≈≈~~~~~~~~~~~~~~~≈≈≈≈≈≈≈≈≈≈≈≈≈≈≈
≈~~~~~.~~..~~~~~~≈≈≈≈≈≈≈≈≈≈≈≈≈≈≈
≈~~~~~......~~~~~~≈≈≈≈≈≈≈≈≈≈~~~~
≈≈~~~....##.~~~~~~≈≈≈≈≈≈≈≈~~~~~~
≈≈~~~...###~~~~~~~≈≈≈≈≈≈~~~~....
≈≈≈~~~~~~~~~~~~~~≈≈≈≈≈≈~~~...?..
≈≈≈~~~~~~~..~~~@~≈≈≈≈≈~~~...##..
≈≈≈≈≈≈~~~~~~~~~m≈≈≈≈~~~~...#####
≈≈≈≈≈≈≈≈≈W≈~~~~~~~~~~~~....#
≈≈≈≈≈≈≈≈≈≈≈≈≈≈~~~~~~~~~~...##
≈≈≈≈≈≈≈≈≈≈≈≈≈~~~~~~~~~~.###.###
≈≈≈≈≈≈≈≈≈≈≈≈≈~~~~...~~.## #...###
≈≈≈≈≈≈≈≈~~~~~~~~....~~..###.....#
≈≈≈≈≈≈~~~~~~~~~~....~~......~~...
≈≈≈≈≈~~~~~~~~~~.###...~....≈≈~...


You could see a merfolk avatar (mesmerising) and a drowned soul (summoned).

Vanquished Creatures
  Nikola (Shoals:2)
  An entropy weaver (Spider:1)
  A merfolk impaler (Shoals:2)
  A boulder beetle (Lair:5)
  8 hydras
  A merfolk avatar (Shoals:2)
  A catoblepas (Lair:5)
  6 death yaks (Lair:5)
  A merfolk aquamancer (Shoals:2)
  The ghost of hito the Skirmisher, a novice KoHu of Fedhas (D:8)
  A fire crab (Lair:5)
  2 pharaoh ants (Spider:1)
  5 sea snakes (Shoals:2)
  A steelbarb worm (Spider:1)
  7 harpies (Shoals:1)
  2 lindwurms (Lair:5)
  5 fauns (Shoals:1)
  A wolf spider (Lair:3)
  6 manticores
  2 cyclopes
  2 moths of wrath (Spider:1)
  6 elephants (Lair:3)
  7 merfolk sirens
  A molten gargoyle (Lair:3)
  A water nymph (Shoals:1)
  7 black mambas
  Maggie (D:7)
  17 cane toads
  6 rime drakes
  8 komodo dragons
  An ancient zyme (D:8)
  3 meliai (Spider:1)
  Prince Ribbit (Lair:1)
  6 merfolk
  A hornet (D:8)
  A red devil (D:8)
  A wind drake (Shoals:1)
  11 blink frogs
  2 tarantellas (Spider:1)
  6 dream sheep
  6 snapping turtles
  A jumping spider (Spider:1)
  3 water elementals
  Sigmund (D:4)
  4 culicivoras
  8 wyverns
  41 yaks
  5 basilisks
  4 steam dragons
  9 redbacks
  Menkaure (Ossuary)
  Edmund (D:4)
  20 water moccasins
  A small abomination (D:8)
  2 sky beasts
  An orc warrior (D:8)
  4 black bears
  2 ogres
  13 wolves
  The ghost of Ofeo the Firebug, an amateur MeFE of Vehumet (D:4)
  2 centaurs
  2 phantoms (D:6)
  2 kobold brigands (D:7)
  10 bullfrogs
  A gnoll sergeant (D:5)
  2 scorpions
  3 wights (D:8)
  13 killer bees
  6 howler monkeys
  An electric eel (D:6)
  2 lava snakes (Lair:3)
  3 quasits (D:4)
  11 hounds
  A gnoll bouda (D:7)
  3 orc priests
  A jelly (D:8)
  5 iguanas
  An iron imp (D:8)
  Ijyb (D:3)
  2 orc wizards
  3 mummies (Ossuary)
  7 gnolls
  11 adders
  2 shadow imps
  3 ufetubi
  4 dart slugs
  20 orcs
  5 ball pythons
  5 bats
  5 endoplasms
  A giant cockroach (D:1)
  A gnoll zombie (Ossuary)
  3 goblins
  3 hobgoblins
  6 jackals
  8 quokkas
  2 frilled lizards (D:1)
  2 gnoll skeletons (Ossuary)
  6 goblin skeletons (Ossuary)
  4 goblin zombies (Ossuary)
  4 hobgoblin skeletons (Ossuary)
  4 hobgoblin zombies (Ossuary)
  20 kobolds
  6 kobold skeletons (Ossuary)
  5 kobold zombies (Ossuary)
  2 orc skeletons (Ossuary)
  7 orc zombies (Ossuary)
  6 rats
  5 rat skeletons (Ossuary)
  4 rat zombies (Ossuary)
  A spectral orc (D:3)
508 creatures vanquished.

Vanquished Creatures (collateral kills)
  The ghost of Zipteul the Fencer, an adept NaBe of Trog (Shoals:1)
  A merfolk javelineer (Shoals:1)
2 creatures vanquished.

Vanquished Creatures (others)
  A kobold (D:7)
  37 fungi
  62 plants
100 creatures vanquished.

Grand Total: 610 creatures vanquished

Notes
Turn   | Place    | Note
-------+----------+-------------------------------------------
     0 | D:1      | groovy9 the Minotaur Berserker began the quest for the Orb.
     0 | D:1      | Reached XP level 1. HP: 19/19 MP: 0/0
   271 | D:1      | Reached skill level 4 in Axes
   351 | D:1      | Reached XP level 2. HP: 20/26 MP: 1/1
   765 | D:1      | Reached skill level 5 in Axes
   907 | D:1      | Found a faded altar of an unknown god.
  1175 | D:2      | Reached XP level 3. HP: 31/31 MP: 2/2
  1339 | D:2      | Reached ** piety under Trog
  2043 | D:3      | Found a radiant altar of Vehumet.
  2043 | D:3      | Noticed Ijyb
  2054 | D:3      | Killed Ijyb
  2055 | D:3      | Reached skill level 6 in Axes
  2055 | D:3      | Reached XP level 4. HP: 33/39 MP: 3/3
  2233 | D:3      | Found an opulent altar of Gozag.
  2508 | D:3      | Found a basalt altar of Yredelemnul.
  2690 | D:4      | Reached XP level 5. HP: 36/45 MP: 4/4
  2771 | D:4      | Reached skill level 7 in Axes
  3030 | D:4      | Reached skill level 8 in Axes
  3223 | D:4      | Found an ancient bone altar of Kikubaaqudgha.
  3244 | D:4      | Reached XP level 6. HP: 38/51 MP: 5/5
  3245 | D:4      | Noticed Sigmund
  3273 | D:4      | Killed Sigmund
  3274 | D:4      | Reached skill level 9 in Axes
  3440 | D:4      | You fall into a shaft and drop 2 floors!
  3512 | D:6      | Found a sand-covered staircase.
  3533 | Ossuary  | Entered an ossuary
  3647 | Ossuary  | Reached *** piety under Trog
  3895 | Ossuary  | Reached **** piety under Trog
  3899 | Ossuary  | Noticed Menkaure
  3904 | Ossuary  | Killed Menkaure
  3905 | Ossuary  | Reached skill level 10 in Axes
  3905 | Ossuary  | Reached XP level 7. HP: 21/57 MP: 6/6
  4234 | D:6      | Reached skill level 11 in Axes
  4320 | D:5      | Entered Level 5 of the Dungeon
  4408 | D:5      | Reached XP level 8. HP: 44/64 MP: 7/7
  4610 | D:4      | Noticed Edmund
  4625 | D:4      | Killed Edmund
  4626 | D:4      | Reached skill level 12 in Axes
  4775 | D:4      | Noticed Ofeo's ghost (amateur MeFE)
  4945 | D:4      | Found a sparkling altar of Nemelex Xobeh.
  4945 | D:4      | Found a transporter.
  5129 | D:4      | Found a transporter.
  5146 | D:4      | Found a transporter.
  5335 | D:4      | Killed Ofeo's ghost
  5336 | D:4      | Reached skill level 13 in Axes
  5741 | D:5      | Found a glowing golden altar of the Shining One.
  5742 | D:5      | Found a glowing silver altar of Zin.
  6052 | D:5      | Reached skill level 14 in Axes
  6215 | D:6      | Reached XP level 9. HP: 37/70 MP: 8/8
  6761 | D:6      | Found a staircase to the Ecumenical Temple.
  6850 | D:6      | Reached skill level 15 in Axes
  7133 | D:7      | Found a stormy altar of Qazlal.
  7688 | D:7      | Found a hazy altar of Hepliaklqana.
  7814 | D:7      | Reached skill level 16 in Axes
  8409 | D:7      | Noticed Maggie
  8426 | D:7      | Killed Maggie
  8427 | D:7      | Reached skill level 17 in Axes
  8429 | D:7      | Reached XP level 10. HP: 77/77 MP: 9/9
  8884 | D:8      | Found a transporter.
  9117 | D:8      | Reached skill level 5 in Fighting
  9208 | D:8      | Found a staircase to the Lair.
  9229 | D:8      | Reached skill level 5 in Armour
  9489 | D:8      | Found a one-way gate to the infinite horrors of the Abyss.
  9514 | D:8      | Found a transporter.
  9531 | D:8      | Noticed hito's ghost (novice KoHu)
  9561 | D:8      | Found Jyrchi Wuhuf's General Store.
  9880 | D:8      | Reached skill level 5 in Dodging
 10180 | D:8      | Killed hito's ghost
 10622 | Lair:1   | Entered Level 1 of the Lair of Beasts
 10632 | D:8      | Reached XP level 11. HP: 68/92 MP: 10/10
 10971 | Lair:1   | Noticed a seven-headed hydra
 10980 | Lair:1   | Killed a seven-headed hydra
 11371 | Lair:1   | Noticed Prince Ribbit
 11379 | Lair:1   | Killed Prince Ribbit
 12211 | Lair:1   | Noticed a five-headed hydra
 12224 | Lair:1   | Killed a five-headed hydra
 12899 | Lair:2   | Reached skill level 10 in Fighting
 12901 | Lair:2   | Reached XP level 12. HP: 90/106 MP: 11/11
 13612 | Lair:3   | Reached skill level 10 in Armour
 14272 | Lair:3   | Reached skill level 10 in Dodging
 14399 | Lair:3   | Found a hole to the Spider Nest.
 14413 | Lair:3   | Reached ***** piety under Trog
 15146 | Lair:3   | Found a staircase to the Shoals.
 15408 | D:8      | Bought the +6 chain mail of Ehyabb {Drain rCorr Int+4} for
                  | 648 gold pieces
 15579 | Lair:3   | Identified the +9 trident "Rujiat" {drain, rPois Str+3
                  | Dex+2}
 15629 | Spider:1 | Entered Level 1 of the Spider Nest
 15634 | Spider:1 | Noticed an entropy weaver
 15649 | Spider:1 | Killed an entropy weaver
 15650 | Spider:1 | Reached skill level 1 in Polearms
 16062 | Lair:4   | Noticed a five-headed hydra
 16074 | Lair:4   | Killed a five-headed hydra
 16075 | Lair:4   | Reached XP level 13. HP: 118/118 MP: 12/12
 16500 | Lair:4   | Reached skill level 5 in Polearms
 16616 | Lair:4   | Found a staircase to the Slime Pits.
 16616 | Lair:4   | Found a viscous altar of Jiyva.
 17283 | Lair:5   | Entered Level 5 of the Lair of Beasts
 17353 | Lair:5   | Identified the +5 falchion "Jellybane" {speed, Drain Int-2
                  | Dex+9 Stlth+}
 18698 | Lair:5   | Reached XP level 14. HP: 113/129 MP: 13/13
 19981 | Shoals:1 | Entered Level 1 of the Shoals
 20651 | Shoals:1 | Found a large runed translucent door.
 20651 | Shoals:1 | Found a large runed translucent door.
 20655 | Shoals:1 | Noticed Zipteul's ghost (adept NaBe)
 20674 | Shoals:1 | Killed Zipteul's ghost
 20703 | Shoals:1 | Identified the ring of Vuano {rElec rF+ Str+3 Dex+4}
 21833 | Shoals:2 | Found Qiocwag's Jewellery Shop.
 22198 | Shoals:2 | Reached skill level 15 in Fighting
 22940 | Shoals:2 | Noticed Nikola
 22972 | Shoals:2 | Killed Nikola
 22973 | Shoals:2 | Reached skill level 15 in Armour
 23348 | Shoals:2 | Reached XP level 15. HP: 127/141 MP: 14/14
 23503 | Shoals:2 | Drowned by a drowned soul

Illustrated notes

Levels and vault maps discovered:
D:1:      beargit_arrival_diablo_church, layout_basic,
          ebering_ecumenical_altar_mist, minivault_24
D:2:      layout_basic, minmay_misc_feat_chi
D:3:      layout_loops_ring, yredelemnul_forgotten_temple_becter,
          mainiacjoe_overflow_alcove_1, mainiacjoe_overflow_cross_hatched,
          uniq_ijyb
D:4:      layout_rooms, grunt_nemelex_the_gamble,
          nicolae_kikubaaqudgha_miasma_corner, gammafunk_ghost_stat_death,
          uniq_sigmund, uniq_edmund
D:5:      layout_gridville, nicolae_overflow_squiral
D:6:      layout_loops_corners, minmay_temple_entry_hall,
          nicolae_ossuary_entry_monument, kennysheep_doodads
D:7:      layout_layer_cave, nicolae_qazlal_style_of_elements,
          kennysheep_mini_moat, hangedman_decor_slide_cut, grunt_ministairs_3,
          nrook_mini_vaults, uniq_maggie
D:8:      layout_basic, minmay_lair_entry_grove, gammafunk_ghost_abyssal_escape,
          serial_rivers, chequers_serial_rivers_small_a,
          chequers_serial_rivers_room_b, chequers_serial_rivers_micro_e,
          chequers_serial_rivers_small_3, serial_shops, nicolae_shop_stone,
          minmay_statues_item
Lair:1:   layout_chaotic_city, grunt_megastairs_2, uniq_prince_ribbit2
Lair:2:   layout_cave_pods, hangedman_lair_unloving_vines, grunt_megastairs_1,
          lemuel_fruit_tree
Lair:3:   layout_chaotic_city, minmay_shoals_entry_lonely_mermaid,
          spider_nest_entry_funnel_web, chequers_serial_rivers_room_b,
          lemuel_fruit_fields, serial_bayou_shore_b
Lair:4:   layout_small_grid, slime_entry_1, grunt_megastairs_3,
          infiniplex_staircase_pool_2
Lair:5:   hangedman_lair_in_review, layout_cave_pods,
          portal_ice_cave_entry_pillars_2
Shoals:1: layout_shoals, ebering_ghost_disaster_area
Shoals:2: layout_shoals, nicolae_stop_n_shop_2, uniq_nikola
Spider:1: layout_chambers, nicolae_spider_twisty_arc_passages

Skill      XL: |  1  2  3  4  5  6  7  8  9 10 11 12 13 14 |
---------------+-------------------------------------------+-----
Axes           | 4 5 6 8 10 11 14 17 | 17.1
Fighting       | 7 10 12 13 15 | 15.3
Armour         | 6 9 11 13 15 | 15.1
Dodging        | 6 8 10 12 13 | 13.9
Polearms       | 3 9 |  9.6

Action                   |  1- 3 |  4- 6 |  7- 9 | 10-12 | 13-15 || total
-------------------------+-------+-------+-------+-------+-------++-------
Melee: Hand axe          |    77 |   110 |       |       |       ||   187
       Headbutt          |     6 |    15 |    32 |   140 |   198 ||   391
       Halberd           |       |    79 |    82 |       |       ||   161
       War axe           |       |       |   146 |   480 |   674 ||  1300
       Flail             |       |       |     9 |     8 |       ||    17
       Punch             |       |       |     3 |     9 |    12 ||    24
       Trident           |       |       |       |    32 |    34 ||    66
Throw: Javelin           |       |       |       |       |     1 ||     1
Invok: Trog's Hand       |       |     3 |     3 |     9 |    16 ||    31
       Berserk           |       |     1 |     1 |     4 |     7 ||    13
       Brothers in Arms  |       |       |       |       |     2 ||     2
  Use: Scroll            |     6 |     5 |    12 |     5 |     7 ||    35
       Potion            |     3 |       |     6 |     3 |     7 ||    19
Armor: Ring mail         |    20 |    44 |    21 |       |       ||    85
       Animal skin       |     2 |       |       |       |       ||     2
       Skin              |       |       |     5 |       |       ||     5
       Chain mail        |       |       |    14 |   134 |   282 ||   430
       Leather armour    |       |       |    17 |       |       ||    17
       Swamp dragon scal |       |       |       |    16 |       ||    16
Dodge: Dodged            |    40 |    55 |    95 |   205 |   335 ||   730
Block: Other             |    15 |    15 |    39 |    75 |   110 ||   254
       Reflection        |       |       |     5 |     2 |     7 ||    14
